 Dungeon Crawl Stone Soup version 0.30-a0-626-gd6a5dd7a1f (webtiles) character file.

Game seed: 6152410079869687677

35 Mitcholas the Shooter (level 3, -1/21 HPs)
             Began as a Deep Elf Hunter on Jan 11, 2023.
             Slain by Terence
             ... wielding a +3 heavy flail
              (15 damage)
             ... on level 2 of the Dungeon.
             The game lasted 00:01:23 (911 turns).

Mitcholas the Shooter (Deep Elf Hunter)              Turns: 911, Time: 00:01:23

Health: -1/21      AC:  3    Str:  8    XL:     3   Next: 16%
Magic:  5/5        EV: 12    Int: 13    God:
Gold:   50         SH:  0    Dex: 20    Spells: 2/2 levels left

rFire   . . .      SeeInvis .    a - +0 shortbow
rCold   . . .      Faith    .    (shield currently unavailable)
rNeg    . . .      Spirit   .    c - +0 leather armour
rPois   .          Reflect  .    (no helmet)
rElec   .          Harm     .    (no cloak)
rCorr   .          Rampage  .    (no gloves)
Will    .....                    (no boots)
Stlth   ++                       (no amulet)
HPRegen 0.23/turn                (no ring)
MPRegen 0.09/turn                (no ring)

@: no status effects
A: no striking features
a: no special abilities


You were on level 2 of the Dungeon.
You visited 1 branch of the dungeon, and saw 2 of its levels.

You collected 50 gold pieces.

Inventory:

Hand Weapons
 a - a +0 shortbow (weapon)
Armour
 c - a +0 leather armour (worn)
Jewellery
 g - a ring of flight
 j - a ring of protection from fire
 k - a ring of ice
Scrolls
 b - a scroll of immolation
 d - a scroll of vulnerability {unknown}
 e - 3 scrolls of identify {unknown}
 f - a scroll of fear {unknown}
 h - a scroll of noise {unknown}
 i - a scroll of amnesia {unknown}
 l - a scroll of enchant weapon {unknown}


   Skills:
 + Level 1.8 Fighting
 * Level 5.8 Ranged Weapons
 + Level 0.6 Armour
 + Level 2.8 Dodging
 + Level 2.0 Stealth


You had 2 spell levels left.
You didn't know any spells.
Your spell library contained the following spells:

 Spells                   Type           Power      Damage    Failure   Level
 Apportation              Tloc           0%         N/A       41%         1
 Alistair's Intoxication  Tmut/Pois      0%         N/A       100%        5


Dungeon Overview and Level Annotations

Branches:
Dungeon (2/15)

Altars:

Annotations:
D:2 Terence


Message History

No target in view!
No target in view!
There is an open door here.
Things that are here:
a +0 dagger; a goblin corpse Done exploring.
Done exploring.
Done exploring.
Search for what [Enter for "."]? .
There is an open door here.
Things that are here:
a +0 dagger; a goblin corpse
There is a stone staircase leading down here.
You climb downwards.
Found a war axe.
There is a stone staircase leading up here.
There is a stone staircase leading up here.
Found a long sword.
Found a stone staircase leading up.
Terence the Incautious comes into view.
He is wielding a +3 heavy flail and wearing a +2 scale mail of poison resistance.
Found a scroll labelled NUCZUECOIS.
Terence shouts!
You shoot an arrow. The arrow hits Terence!
Terence is moderately wounded.
You shoot an arrow. The arrow barely misses Terence.
You shoot an arrow. The arrow barely misses Terence.
You shoot an arrow. The arrow closely misses Terence.
You shoot an arrow. The arrow barely misses Terence.
Terence barely misses you.
You shoot an arrow. The arrow closely misses Terence.
Terence barely misses you.
You shoot an arrow.
The arrow hits Terence but does no damage.
Terence is moderately wounded.
Terence hits you with a +3 heavy flail!
You shoot an arrow. The arrow completely misses Terence.
You shoot an arrow. The arrow barely misses Terence.
Terence closely misses you.
You shoot an arrow. The arrow barely misses Terence.
Terence hits you with a +3 heavy flail!
Ouch! That really hurt!
You die...

.#####.#####...
!.............#
#.#..)........#
.............#
###...........#
#..........<..#
#.......###.#
#.......# ###
#$..@..)#
#...@<..#
#.........!...
###...........
#..#.........
#............
.#...........
..#.?........


You could see Terence.

Vanquished Creatures
  2 dart slugs (D:1)
  5 bats (D:1)
  2 endoplasms (D:1)
  A giant cockroach (D:1)
  6 hobgoblins (D:1)
  6 ball pythons (D:1)
  A frilled lizard (D:1)
  2 goblins (D:1)
  A kobold (D:1)
  2 rats (D:1)
28 creatures vanquished.

Notes
Turn   | Place    | Note
-------+----------+-------------------------------------------
     0 | D:1      | Mitcholas the Deep Elf Hunter began the quest for the Orb.
     0 | D:1      | Reached XP level 1. HP: 12/12 MP: 3/3
   297 | D:1      | Reached XP level 2. HP: 17/17 MP: 4/4
   782 | D:1      | Reached XP level 3. HP: 21/21 MP: 5/5
   901 | D:2      | Noticed Terence
   911 | D:2      | Slain by Terence

Illustrated notes

Levels and vault maps discovered:
D:1:      nicolae_arrival_washed_ashore, layout_basic, minmay_tall_x
D:2:      layout_rooms, shapermc_ecumenical_altar_notcrosses, basic_altar,
          uniq_crazy_yiuf_cottage, uniq_terence

Skill      XL: |  1  2  3 |
---------------+----------+-----
Stealth        | 2 |  2.0
Fighting       | |  1.8
Ranged Weapons | |  5.8
Armour         | |  0.6
Dodging        | |  2.8

Action                   || total
-------------------------++-------
 Fire: Shortbow          ||    66
Armor: Leather armour    ||     8
Dodge: Dodged            ||    12

Table legend: (Time is in decaauts)
 A = Elapsed time spent in this place.
 B = Non-inter-level travel time spent in this place.
 C = Inter-level travel time spent in this place.
 D = Time resting spent in this place.
 E = Time spent auto-exploring this place.
 F = Levels seen in this place.
 G = Mean time per level.
                   A        B        C        D        E       F      G
               +--------+--------+--------+--------+--------+-----+--------+
         Total |    928 |    919 |      9 |      0 |    788 |   2 |  464.0 |
       Dungeon |    928 |    919 |      9 |      0 |    788 |   2 |  464.0 |
               +--------+--------+--------+--------+--------+-----+--------+

Top non-repeatable levels by time:
     D:1: 907 daAuts
     D:2: 21 daAuts
